 Dungeon Crawl Stone Soup version 0.29-a0-275-g389c0b56f3 (webtiles) character file.

Game seed: 2712960849232709017

100 ReploidZero the Ruffian (level 4, -8/44 HPs)
             Began as a Troll Gladiator on Mar 10, 2022.
             Mangled by an ogre
             ... wielding a +0 giant club
              (16 damage)
             ... on level 3 of the Dungeon.
             The game lasted 00:02:51 (1543 turns).

ReploidZero the Ruffian (Troll Gladiator)           Turns: 1543, Time: 00:02:52

Health: -8/44      AC:  5    Str: 22    XL:     4   Next: 46%
Magic:  3/3        EV: 10    Int:  4    God:
Gold:   131        SH:  0    Dex: 13    Spells: 3/3 levels left

rFire   . . .      SeeInvis .     - Unarmed
rCold   . . .      Faith    .   (no shield)
rNeg    . . .      Spirit   .   a - +0 robe
rPois   .          Reflect  .   b - +0 hat
rElec   .          Harm     .   i - +0 cloak
rCorr   .          Rampage  .   (gloves unavailable)
Will    .....                   (boots unavailable)
Stlth   +.........              (no amulet)
HPRegen 0.94/turn               (no ring)
MPRegen 0.08/turn               (no ring)

@: no status effects
A: large, unfitting armour, claws 3, regeneration 1, shaggy fur 1, tough skin 1
a: no special abilities


You were on level 3 of the Dungeon.
You visited 1 branch of the dungeon, and saw 3 of its levels.

You collected 131 gold pieces.

Inventory:

Missiles
 c - 3 throwing nets (quivered)
 d - a large rock
Armour
 a - a +0 robe (worn)
 b - a +0 hat (worn)
 i - a +0 cloak (worn)
Jewellery
 m - an amulet of reflection
 n - a ring of positive energy
Scrolls
 e - a scroll of vulnerability {unknown}
 f - a scroll of immolation {unknown}
 g - 2 scrolls of enchant armour {unknown}
 h - 3 scrolls of identify {unknown}
 k - 2 scrolls of noise {unknown}
 l - a scroll of fog {unknown}
 o - 3 scrolls of teleportation {unknown}
 p - a scroll of torment {unknown}
Potions
 j - a potion of berserk rage {unknown}


   Skills:
 + Level 2.3 Fighting
 + Level 2.6 Throwing
 + Level 3.0 Dodging
 + Level 3.7 Unarmed Combat


You had 3 spell levels left.
You didn't know any spells.
Your spell library was empty.

Dungeon Overview and Level Annotations

Branches:
Dungeon (3/15)

Altars:
Cheibriados

Annotations:
D:3 Jessica


Innate Abilities, Weirdness & Mutations

You are too large for most types of armour.
You have claws for hands.
Your natural rate of healing is unusually fast.
You are covered in fur. (AC +1)
You have tough skin. (AC +1)


Message History

No target in view!
No target in view!
g - 2 scrolls labelled WISEOTUARI (gained 1)
You now have 123 gold pieces (gained 11).
You now have 131 gold pieces (gained 8).
p - a scroll labelled KUVI RECWI No target in view!
An ogre comes into view. It is wielding a +0 giant club.
The ogre shouts!
Jessica and a frilled lizard come into view.
Jessica is wielding a +0 club and wearing a +1 robe of cold resistance.
Jessica shouts!
The frilled lizard hisses angrily.
Jessica mumbles some strange words.
Jessica blinks!
There are monsters nearby!
Jessica completely misses you.
There are monsters nearby!
You completely miss Jessica.
Jessica mumbles something strange.
Jessica misses you. Jessica attacks as you move away!
Jessica hits you with a +0 club. Jessica attacks as you move away!
Jessica barely misses you. Jessica casts a spell at you.
Pain shoots through your body! Jessica gestures at you while chanting.
Pain shoots through your body!
Jessica mumbles some strange words.
Jessica blinks!
You completely miss Jessica. Jessica hits you but does no damage.
You barely miss Jessica. Jessica gestures at you while chanting.
Pain shoots through your body!
You closely miss Jessica. The ogre hits you with a +0 giant club!
* * * LOW HITPOINT WARNING * * *
Jessica hits you with a +0 club.
* * * LOW HITPOINT WARNING * * *
You scratch Jessica but do no damage.
The frilled lizard bites you but does no damage.
Jessica hits you but does no damage. The ogre hits you with a +0 giant club!
You die...

..... #....)))..# .. ....
#.....(...# #.. ...
###.......## #... #.##
..##.........#
#..####..#####.##.........#
.#.....##..................#
.........l....###..........#
........#####lO##......|...#
......#..#####@####.......##
...........###.@.##......##
.............###.##.#..###
......#......###.##.#.##
......##.......#..#...#
...... ##.##..........#
..... #.###...##..#.# ..##.
#.#####.###.#....#
.............###..#


You could see an ogre, Jessica and a frilled lizard.

Vanquished Creatures
  4 gnolls (D:2)
  An adder (D:3)
  4 orcs
  2 endoplasms
  6 giant cockroaches
  6 goblins
  3 hobgoblins
  6 kobolds
  2 quokkas
  5 ball pythons (D:1)
  5 bats
  A frilled lizard (D:1)
  2 rats (D:1)
47 creatures vanquished.

Notes
Turn   | Place    | Note
-------+----------+-------------------------------------------
     0 | D:1      | ReploidZero the Troll Gladiator began the quest for the
                  | Orb.
     0 | D:1      | Reached XP level 1. HP: 19/19 MP: 0/0
   261 | D:1      | Reached XP level 2. HP: 28/28 MP: 1/1
   294 | D:1      | Found a faded altar of an unknown god.
   826 | D:2      | Found a snail-covered altar of Cheibriados.
  1039 | D:2      | Reached XP level 3. HP: 35/35 MP: 2/2
  1166 | D:2      | Reached XP level 4. HP: 42/42 MP: 3/3
  1527 | D:3      | Noticed an ogre
  1528 | D:3      | Noticed Jessica
  1543 | D:3      | Mangled by an ogre

Illustrated notes

Levels and vault maps discovered:
D:1:      dpeg_arrival_concentric_ovals, layout_basic,
          shapermc_ecumenical_altar_pompeii, st_stairs_13, supply_closet_lemuel,
          interstate_on_off
D:2:      layout_rooms, basic_altar, minmay_worlds_worst_comb
D:3:      layout_rooms, nicolae_dithmenos_through_a_glass_darkly, st_stairs_11,
          uniq_jessica

Skill      XL: |  1  2  3  4 |
---------------+-------------+-----
Throwing       | 2 |  2.6
Fighting       | 2 |  2.3
Dodging        | 3 |  3.0
Unarmed Combat | |  3.7

Action                   |  1- 3 |  4- 6 || total
-------------------------+-------+-------++-------
Melee: Unarmed           |    77 |    42 ||   119
       Punch             |       |     2 ||     2
 Stab: Sleeping          |     2 |     1 ||     3
Armor: Robe              |    35 |    15 ||    50
Dodge: Dodged            |    50 |    17 ||    67

Table legend: (Time is in decaauts)
 A = Elapsed time spent in this place.
 B = Non-inter-level travel time spent in this place.
 C = Inter-level travel time spent in this place.
 D = Time resting spent in this place.
 E = Time spent auto-exploring this place.
 F = Levels seen in this place.
 G = Mean time per level.
                   A        B        C        D        E       F      G
               +--------+--------+--------+--------+--------+-----+--------+
         Total |   1535 |   1454 |     81 |      0 |   1130 |   3 |  511.7 |
       Dungeon |   1535 |   1454 |     81 |      0 |   1130 |   3 |  511.7 |
               +--------+--------+--------+--------+--------+-----+--------+

Top non-repeatable levels by time:
     D:1: 823 daAuts
     D:2: 616 daAuts
     D:3: 95 daAuts
